Map: Korhal Carnage Knockout LE

Players

AaRaSs

  • Race: Zerg Zerg
  • League: Master

Miszu - Winner!

  • Race: Terran Terran
  • League: Master

VOD

Have the link to the VOD?

Description

Time

  • Played on: April 18, 2016, 7:56 a.m.
  • Length: 12:23
Show
View Real Time Build Order
Export as new Build Order

AaRaSs Zerg 

Build Orders: Hatch First 

Get SALT Encoding   

  12  0:01  Drone  
  13  0:08  Drone  
  14  0:16  Overlord  
  14  0:22  Extractor  
  14  0:23  Drone  
  15  0:35  Drone x2  
  17  0:52  Hatchery  
  17  0:55  Drone  
  17  0:59  Drone  
  17  1:00  Extractor  
  17  1:06  Drone  
  18  1:18  Spawning Pool  
  18  1:20  Drone  
  18  1:26  Drone  
  19  1:38  Drone  
  20  1:48  Overlord  
  20  2:05  Queen x2  
  20  2:07  Metabolic Boost  
  24  2:08  Overlord  
  24  2:10  Zergling x2  
  24  2:13  Zergling x2  
  26  2:21  Zergling x4  
  28  2:30  Drone  
  28  2:33  Drone  
  30  2:39  Drone  
  30  2:42  Drone  
  32  2:49  Drone  
  33  2:54  Drone  
  34  2:59  Drone  
  34  3:02  Hatchery  
  34  3:09  Drone x2  
  36  3:15  Drone x5  
  36  3:16  Drone  
  42  3:20  Drone  
  42  3:22  Overlord  
  43  3:28  Drone  
  44  3:38  Lair  
  44  3:41  Drone x2  
  44  3:43  Evolution Chamber  
  44  3:44  Extractor  
  44  3:45  Extractor  
  44  3:46  Drone  
  44  3:47  Roach Warren, Drone  
  44  3:50  Drone  
  44  3:51  Evolution Chamber  
  44  3:54  Drone x2  
  44  3:55  Drone  
  47  3:58  Drone  
  47  4:00  Drone  
  49  4:04  Drone  
  49  4:06  Extractor  
  49  4:09  Drone  
  50  4:17  Overlord x2  
  50  4:18  Drone x3  
  50  4:21  Zerg Ground Armor Level 1  
  53  4:32  Overlord  
  53  4:33  Drone x5  
  56  4:41  Spore Crawler  
  56  4:42  Spore Crawler  
  56  4:44  Spore Crawler  
  52  5:06  Drone x4  
  53  5:08  Glial Reconstitution, Zerg Missile Weapons Level 1  
  53  5:14  Drone x3  
  53  5:15  Queen  
  58  5:23  Drone x6  
  64  5:33  Overlord x3  
  63  5:39  Drone x2  
  63  5:40  Drone x2  
  66  5:44  Drone x2  
  66  5:45  Drone  
  66  5:46  Drone  
  70  5:53  Drone x2  
  71  6:03  Roach x5  
  71  6:04  Roach x2  
  85  6:08  Roach x2  
  85  6:11  Spine Crawler  
  88  6:16  Roach  
  90  6:18  Zerg Ground Armor Level 2  
  90  6:31  Spine Crawler  
  89  6:36  Ravager x5  
  89  6:38  Roach x2  
  89  6:39  Roach x4  
  106  6:41  Overlord x4  
  106  6:46  Overlord, Extractor x2, Drone  
  103  7:04  Roach  
  103  7:05  Roach x9  
  103  7:07  Ravager x2  
  125  7:09  Zergling x4  
  125  7:10  Zergling x4  
  129  7:18  Drone x2  
  129  7:20  Infestation Pit  
  129  7:24  Roach x2  
  129  7:25  Roach x2  
  137  7:34  Zerg Missile Weapons Level 2  
  137  7:37  Overlord x2  
  137  7:39  Overlord  
  137  7:55  Overlord x4  
  137  7:59  Hive  
  137  8:01  Pathogen Glands  
  137  8:02  Roach x4, Evolution Chamber  
  141  8:12  Roach x5  
  150  8:36  Overlord x2  
  149  8:47  Zerg Melee Weapons Level 1  
  147  8:58  Extractor  
  147  8:59  Extractor  
  145  9:03  Hatchery  
  144  9:13  Drone x3, Spine Crawler  
  144  9:14  Drone x3  
  149  9:17  Spore Crawler  
  149  9:19  Spine Crawler  
  147  9:37  Zerg Ground Armor Level 3  
  147  9:38  Infestor  
  147  9:39  Ultralisk Cavern, Infestor  
  147  9:45  Roach x13  
  176  9:46  Roach  
  170  10:05  Roach x7  
  170  10:06  Roach  
  151  10:10  Ravager x5  
  151  10:11  Ravager  
  151  10:12  Ravager  
  140  10:25  Roach x4  
  140  10:26  Roach  
  148  10:30  Roach x2  
  152  10:46  Viper x2  
  158  10:53  Ultralisk  
  163  11:01  Pneumatized Carapace  
  163  11:12  Zergling x18  
  162  11:32  Zergling x2  
  143  11:33  Zergling x20  
  106  11:41  Roach x4  
  106  11:46  Roach  
  65  12:03  Roach x4  
  65  12:04  Roach x2  
Show
View Real Time Build Order
Export as new Build Order

Miszu Terran - Winner!

Build Orders: Liberator Opening, MMM Bio 

Get SALT Encoding   

  12  0:01  SCV  
  13  0:13  SCV  
  14  0:17  Supply Depot  
  14  0:27  SCV  
  15  0:39  SCV  
  15  0:40  Barracks  
  16  0:44  Refinery  
  16  0:51  SCV  
  17  1:08  SCV  
  18  1:26  Orbital Command  
  18  1:27  Marine  
  19  1:37  Command Center  
  19  1:44  Marine  
  20  1:52  SCV  
  21  1:56  Factory  
  21  2:04  SCV  
  21  2:08  Supply Depot  
  22  2:13  Barracks Reactor  
  22  2:16  SCV  
  22  2:22  Refinery  
  23  2:29  SCV  
  24  2:41  SCV  
  24  2:43  Starport  
  25  2:51  Orbital Command  
  25  2:53  SCV  
  25  2:56  Hellion x2  
  30  3:02  Liberator  
  30  3:05  SCV  
  31  3:18  SCV  
  35  3:20  Barracks Tech Lab  
  35  3:22  SCV  
  36  3:30  SCV  
  36  3:33  Factory Reactor  
  36  3:34  SCV  
  38  3:42  SCV  
  38  3:46  SCV  
  40  3:49  Marine  
  40  3:52  Stimpack  
  40  3:54  SCV  
  42  3:56  Command Center  
  42  3:58  SCV  
  43  4:03  Supply Depot  
  43  4:06  SCV  
  43  4:09  Barracks  
  44  4:10  SCV  
  44  4:11  Barracks  
  44  4:12  Starport Reactor  
  45  4:18  SCV  
  46  4:25  SCV  
  46  4:27  Supply Depot  
  46  4:28  Marine  
  46  4:30  SCV  
  49  4:34  Factory Tech Lab  
  49  4:36  Engineering Bay  
  49  4:37  SCV  
  49  4:38  Engineering Bay  
  50  4:40  Refinery  
  50  4:42  Refinery, SCV  
  51  4:49  SCV  
  52  4:53  Supply Depot  
  52  4:54  Marine, SCV  
  54  5:01  SCV  
  55  5:07  SCV  
  55  5:08  Terran Infantry Weapons Level 1, Terran Infantry Armor Level 1  
  55  5:11  Marine  
  55  5:13  Marine x2  
  55  5:14  Marine x2  
  61  5:24  Medivac x2  
  61  5:25  SCV  
  61  5:26  SCV  
  67  5:29  Marine  
  67  5:30  Supply Depot  
  67  5:31  Marine, Orbital Command  
  69  5:38  SCV x2  
  69  5:39  Marine x3  
  74  5:45  Supply Depot  
  74  5:47  Marine  
  74  5:49  Marine  
  76  5:50  SCV x2  
  76  5:56  Marine  
  76  5:57  Supply Depot, Marine, SCV  
  77  6:01  Armory  
  77  6:02  SCV x2  
  80  6:04  Marine  
  80  6:09  SCV  
  82  6:14  SCV x2  
  82  6:15  Barracks  
  82  6:17  Barracks  
  84  6:20  Marine  
  84  6:21  SCV  
  84  6:23  Supply Depot  
  87  6:26  SCV x2  
  87  6:29  Supply Depot  
  90  6:33  Medivac x2, SCV  
  90  6:38  SCV x2  
  90  6:39  Barracks  
  95  6:41  Barracks  
  95  6:42  Barracks  
  95  6:43  Marine x4  
  96  6:58  Marine  
  96  7:01  Marine x4  
  99  7:02  Siege Tank  
  99  7:03  Barracks Reactor  
  99  7:04  Barracks Reactor  
  99  7:05  Terran Infantry Armor Level 2, Terran Infantry Weapons Level 2  
  99  7:08  Supply Depot  
  104  7:09  Supply Depot  
  104  7:10  Supply Depot  
  104  7:16  SCV  
  104  7:20  Marine  
  104  7:21  Marine x3, Marauder  
  111  7:27  Medivac x2  
  116  7:38  Marine, Siege Tank  
  116  7:39  Marine x3, Barracks Tech Lab  
  116  7:40  Barracks Tech Lab  
  116  7:42  Marauder  
  122  7:44  Refinery  
  122  7:46  Barracks Tech Lab  
  122  7:48  Marine x2  
  122  7:49  Marine x2, Refinery  
  125  7:56  Marine  
  126  8:00  Marine  
  126  8:01  Marauder  
  126  8:03  Combat Shields  
  126  8:04  Marauder x2, Concussive Shells  
  130  8:05  Marine  
  130  8:06  Marauder  
  130  8:11  Siege Tank  
  130  8:12  Marine x2  
  137  8:22  Marauder  
  137  8:25  Marine, Marauder  
  137  8:26  Marauder  
  144  8:27  Marauder  
  146  8:35  Marine  
  146  8:38  Marine  
  148  8:43  Marine  
  149  8:51  Supply Depot, Terran Vehicle Weapons Level 1  
  149  8:52  Supply Depot  
  149  8:54  Supply Depot x2  
  149  9:03  Command Center  
  149  9:04  Supply Depot  
  149  9:05  Supply Depot  
  149  9:12  Marine x4, Marauder x2  
  149  9:13  Marine x3, Siege Tank  
  149  9:14  Marauder  
  149  9:15  Marine, Medivac x2, Marauder  
  172  9:30  Marine x4  
  172  9:31  Marine x3  
  176  9:33  Marine  
  176  9:34  Marine, Marauder x2  
  176  9:37  Marauder  
  187  9:46  Terran Infantry Weapons Level 3, Barracks  
  187  9:47  Marine x4, Barracks  
  187  9:49  Supply Depot, Marine x2  
  193  9:53  Marauder  
  186  10:08  Marine, Marauder  
  186  10:09  Marine x6, Marauder  
  186  10:10  Marine x2  
  186  10:14  Marine  
  197  10:26  Marine  
  198  10:32  Marauder  
  199  10:42  Ghost Academy  
  199  10:56  Barracks Tech Lab x2  
  199  11:02  Marine  
  174  11:37  Marine x5, Marauder  
  174  11:38  Marauder  
  174  11:39  Marine, Marauder  
  158  11:42  SCV  
  152  11:47  Marine  
  152  11:48  Marauder  
  152  11:49  Marine x2, Marauder  
  152  11:50  Medivac x2, Siege Tank  
  166  11:54  Marine  
Tags
 
Add a new tag
Caveats
  • Supply blocks, unpowered buildings, or Contaminate may cause inaccurate times.
  • Supply counts are checked every 10 seconds.